 Dungeon Sprint DCSS version 0.29.1-2-gbd0b4ee654 (webtiles) character file.

Game seed: 9220188284734741576

59 boopmooplesden the Poker (level 3, -2/55 (57) HPs)
             Began as a Minotaur Berserker on Nov 27, 2022.
             Was a Follower of Trog.
             Slain by a necrophage (4 damage)
             ... in the Dungeon (Sprint II: "The Violet Keep of Menkaure").
             The game lasted 00:00:11 (20 turns).

boopmooplesden the Poker (Minotaur Berserker)         Turns: 20, Time: 00:00:12

HP:   -2/55 (57)    AC:  2    Str: 23    XL:     3   Next: 78%
MP:   2/2           EV: 12    Int:  4    God:    Trog [*.....]
Gold: 0             SH:  0    Dex:  9    Spells: 2/2 levels left

rFire   . . .      SeeInvis .   a - +0 spear
rCold   . . .      Faith    .   (no shield)
rNeg    . . .      Spirit   .   b - +0 animal skin
rPois   .          Reflect  .   (helmet restricted)
rElec   .          Harm     .   (no cloak)
rCorr   .          Rampage  .   (no gloves)
Will    .....      NoTele   +   (no boots)
Stlth   ..........              (no amulet)
HPRegen 0.18/turn               (no ring)
MPRegen 0.08/turn               (no ring)

@: berserking (expiring), lightly drained, very quick
A: horns 2, retaliatory headbutt
a: Renounce Religion, Berserk


You were in the Dungeon.
You worshipped Trog.
Trog was aware of your devotion.
You visited 1 branch

Inventory:

Hand Weapons
 a - a +0 spear (weapon)
Armour
 b - a +0 animal skin (worn)
Scrolls
 h - a scroll of blinking
Potions
 c - a potion of curing
 d - a potion of heal wounds
 e - a potion of haste
 f - 2 potions of magic
 g - a potion of berserk rage


   Skills:
 + Level 6.6 Fighting
 + Level 6.8 Polearms
 + Level 3.7 Armour
 + Level 3.3 Dodging


You had 2 spell levels left.
You didn't know any spells.
Your spell library was empty.

Dungeon Overview and Level Annotations

Branches:
Dungeon (1/1)

Altars:


Innate Abilities, Weirdness & Mutations

You have a pair of horns on your head.
You reflexively headbutt those who attack you in melee.


Message History

The necrophage is heavily damaged.
The necrophage hits you.
* * * LOW HITPOINT WARNING * * *
You feel drained.
A red film seems to cover your vision as you go berserk!
You feel yourself moving faster!
You feel mighty! The necrophage closely misses you.
You closely miss the necrophage.
The necrophage is heavily damaged.
You hit the necrophage.
The necrophage is almost destroyed.
The necrophage barely misses you. You furiously retaliate!
You headbutt the necrophage. You puncture the necrophage!
You destroy the necrophage!
Trog accepts your kill.
Your life force feels restored.
Your Fighting skill gained 3 levels and is now at level 6!
Your Polearms skill gained 3 levels and is now at level 6!
Your Armour skill increases to level 3!
Your Dodging skill increases to level 3!
You have reached level 2!
You have reached level 3!
Your experience leads to an increase in your attributes!
Increase (S)trength, (I)ntelligence, or (D)exterity?
You feel stronger. x2
The necrophage hits you.
* * * LOW HITPOINT WARNING * * *
You feel drained.
* * * LOW HITPOINT WARNING * * *
The necrophage hits you but does no damage.
There is an open door here.
You see here a necrophage corpse.
You feel a strong urge to attack something.
You puncture the necrophage!
The necrophage is moderately damaged.
You barely miss the necrophage.
The necrophage is moderately damaged.
The necrophage hits you.
You die...

## #+#
#.##
##.##.n.#
+.<@nn#
##.##...#
#+# #.##
##


You could see 3 necrophages.

Vanquished Creatures
  A necrophage (D)
1 creature vanquished.

Notes
Turn   | Place    | Note
-------+----------+-------------------------------------------
     0 | D        | boopmooplesden the Minotaur Berserker began the quest for
                  | the Orb.
     0 | D        | Reached XP level 1. HP: 19/19 MP: 0/0
     1 | D        | Noticed a necrophage
     1 | D        | Noticed a necrophage
     1 | D        | Noticed a necrophage
     1 | D        | Noticed a necrophage
    16 | D        | Killed a necrophage
    17 | D        | Reached XP level 2. HP: 4/31 MP: 1/1
    17 | D        | Reached XP level 3. HP: 5/38 MP: 2/2
    17 | D        | HP: 2/55 [necrophage (1)]
    20 | D        | Slain by a necrophage

Illustrated notes

Levels and vault maps discovered:
D:        the_violet_keep_of_menkaure [sprint2_stairs_cluster_1,
          sprint2_shoproom, sprint2_temple, sprint2_basic_supplies,
          sprint2_obstacle_2, sprint2_obstacle_6, sprint2_obstacle_5,
          sprint2_obstacle_7, sprint2_obstacle_1, sprint2_timed_cluster_1,
          sprint2_smallroom_cluster_1, sprint2_smallroom_final_cluster_1,
          sprint2_transparent_cluster_1, sprint2_second_timed_cluster_1,
          sprint2_sniper_area_1, sprint2_heavy_combat_area_1,
          sprint2_mutation_trap_area_1, sprint2_forest_area_1,
          sprint2_light_combat_area_1, sprint2_behind_water_1,
          sprint2_near_end_vault_1]

Skill      XL: |  1 |
---------------+----+-----
Fighting       | 6 |  6.6
Polearms       | 6 |  6.8
Armour         | 3 |  3.7
Dodging        | 3 |  3.3

Action                   || total
-------------------------++-------
Melee: Spear             ||    15
Invok: Berserk           ||     1
Armor: Animal skin       ||     1
Dodge: Dodged            ||     5
